 Dungeon Sprint DCSS version 0.24-a0-778-g74da537585 (webtiles) character file.

Game seed: 17845744106214866652, levelgen mode: deterministic

32 Conn the Firebug (level 3, -6/19 HPs)
             Began as a Deep Elf Fire Elementalist on Oct 6, 2019.
             Was an Initiate of Sif Muna.
             Splashed by an oklob sapling priest's acid (13 damage)
             ... in the Dungeon (Sprint IV: "Fedhas' Mad Dash").
             The game lasted 00:01:00 (214 turns).

Conn the Firebug (Deep Elf Fire Elementalist)        Turns: 214, Time: 00:01:03

Health: -6/19      AC:  2    Str:  5    XL:     3   Next: 8%
Magic:  1/11       EV: 14    Int: 20    God:    Sif Muna [......]
Gold:   48         SH:  0    Dex: 15    Spells: 4/11 levels left

rFire    . . .     SeeInvis .   (no weapon)
rCold    . . .     Gourm    .   (no shield)
rNeg     . . .     Faith    .   a - +0 robe
rPois    .         Spirit   .   (no helmet)
rElec    .         Reflect  .   (no cloak)
rCorr    .         Harm     .   (no gloves)
MR       .....     NoTele   +   (no boots)
Stlth    ++........             b - amulet of invisibility {+Inv}
HPRegen  0.06/turn              (no ring)
MPRegen  0.12/turn              (no ring)

@: very slightly contaminated
A: no striking features
a: Renounce Religion, Evoke Invisibility


You were in the Dungeon.
You worshipped Sif Muna.
Sif Muna was noncommittal.
You were not hungry.

You visited 1 branch You collected 48 gold pieces.

Inventory:

Armour
 a - a +0 robe (worn)
Jewellery
 b - the amulet of invisibility (around neck) {+Inv}
   (You found it in the Dungeon)

   [amulet of nothing]

   It lets you turn invisible.
Scrolls
 i - a scroll of blinking
Potions
 d - a potion of curing
 e - a potion of heal wounds
 f - a potion of haste
 g - 2 potions of magic
 h - a potion of berserk rage
Comestibles
 c - a ration


   Skills:
 + Level 3.5 Dodging
 + Level 3.3 Stealth
 + Level 4.8 Spellcasting
 + Level 1.5 Conjurations
 + Level 5.9 Fire Magic


You had 4 spell levels left.
You knew the following spells:

 Your Spells              Type           Power        Failure   Level  Hunger
a - Flame Tongue          Conj/Fire      ###..        2%          1    None
b - Conjure Flame         Conj/Fire      ###.....     8%          3    ##.....
c - Inner Flame           Hex/Fire       ###.....     11%         3    ##.....

Your spell library contained the following spells:

 Spells                   Type           Power        Failure   Level  Hunger
 Throw Flame              Conj/Fire      ###...       3%          2    #......
 Sticky Flame             Conj/Fire      ###.....     26%         4    ####...
 Fireball                 Conj/Fire      ###.......   56%         5    ######.


Dungeon Overview and Level Annotations

Branches:
Dungeon (1/1)

Altars:
Cheibriados
Dithmenos
Elyvilon
Gozag
Hepliaklqana
Kikubaaqudgha
Makhleb
Nemelex Xobeh
Okawaru
Qazlal
Ru
Sif Muna
Trog
Uskayaw
Vehumet
Wu Jian
Xom
Yredelemnul
Zin
The Shining One
Beogh
Jiyva
Lugonu

Annotations:
D exclusion: 2 oklob saplings


Message History

Casting: Flame Tongue (safe; 2% risk of failure)
Confirm with . or Enter, or press ? or * to list all spells.
Aiming: Flame Tongue (safe; 2% risk of failure)
Press: ? - help, Shift-Dir - straight line, f/p - oklob sapling priest
Aim: an oklob sapling priest (severely damaged)
The flame tongue hits the oklob sapling priest but does no damage.
The oklob sapling priest is severely damaged.
Casting: Flame Tongue (safe; 2% risk of failure)
Confirm with . or Enter, or press ? or * to list all spells.
Aiming: Flame Tongue (safe; 2% risk of failure)
Press: ? - help, Shift-Dir - straight line, f/p - oklob sapling priest
Aim: an oklob sapling priest (severely damaged)
The flame tongue hits the oklob sapling priest but does no damage.
The oklob sapling priest is severely damaged.
The oklob sapling priest spits acid at you.
The splash of acid hits you!
Ouch! That really hurt!
You are splashed with acid!
Ouch! That really hurt!
You die...

########################
.....#.$...#.⌠._._._._.⌠
.....'.#.[.'.._._._._._.
.....#P#...#..._._P_._..
#########+##.._.@._._._.
#._._._._._.⌠
#############


You could see an oklob sapling priest.

Vanquished Creatures
  A worker ant (D)
  A river rat (D)
  A rat (D)
3 creatures vanquished.

Notes
Turn   | Place    | Note
-------+----------+-------------------------------------------
     0 | D        | Conn the Deep Elf Fire Elementalist began the quest for the
                  | Orb.
     0 | D        | Reached XP level 1. HP: 10/10 MP: 6/6
     6 | D        | Reached skill level 4 in Fire Magic
     6 | D        | Reached XP level 2. HP: 15/15 MP: 4/8
    60 | D        | Noticed an oklob sapling
    64 | D        | Found the amulet of invisibility {+Inv}
    70 | D        | Reached skill level 5 in Fire Magic
    70 | D        | Reached XP level 3. HP: 11/19 MP: 3/11
   192 | D        | Learned a level 3 spell: Conjure Flame
   196 | D        | Learned a level 3 spell: Inner Flame
   196 | D        | Found an opulent altar of Gozag.
   196 | D        | Found a hazy altar of Hepliaklqana.
   196 | D        | Found a burning altar of Makhleb.
   196 | D        | Found a roughly hewn altar of Beogh.
   196 | D        | Found a sparkling altar of Nemelex Xobeh.
   196 | D        | Found a snail-covered altar of Cheibriados.
   196 | D        | Found a sacrificial altar of Ru.
   196 | D        | Found a shimmering blue altar of Sif Muna.
   196 | D        | Found a shimmering altar of Xom.
   196 | D        | Found a basalt altar of Yredelemnul.
   197 | D        | Found a viscous altar of Jiyva.
   197 | D        | Found a bloodstained altar of Trog.
   197 | D        | Found an ornate altar of the Wu Jian Council.
   197 | D        | Noticed an oklob sapling priest
   199 | D        | Found an iron altar of Okawaru.
   199 | D        | Found a shadowy altar of Dithmenos.
   199 | D        | Found a glowing silver altar of Zin.
   200 | D        | Found a hide-covered altar of Uskayaw.
   200 | D        | Found an ancient bone altar of Kikubaaqudgha.
   201 | D        | Found a stormy altar of Qazlal.
   201 | D        | Found a glowing golden altar of the Shining One.
   201 | D        | Found a white marble altar of Elyvilon.
   202 | D        | Found a radiant altar of Vehumet.
   202 | D        | Found a corrupted altar of Lugonu.
   204 | D        | Became a worshipper of Sif Muna the Loreminder
   214 | D        | Splashed by an oklob sapling priest's acid

Levels and vault maps discovered:
D:        dungeon_sprint_fedhas [sprint_temple]

Skill      XL: |  1  2 |
---------------+-------+-----
Dodging        | 3 |  3.5
Fire Magic     | 4 5 |  5.9
Spellcasting   | 4 |  4.8
Stealth        | 3 |  3.3
Conjurations   | |  1.5

Action                   || total
-------------------------++-------
 Cast: Flame Tongue      ||    17
 Abil: Evoke Invisibilit ||     1
Armor: Robe              ||     1
Dodge: Dodged            ||     3

Table legend:
 A = Non-vault XP
 B = Vault XP
 C = Vault XP percentage of total XP
 D = Non-vault monster count
 E = Vault monster count
 F = Vault count percentage of total count
                 A         B        C        D         E       F
            +---------+---------+-------+---------+---------+-------
      Total |       0 |      46 | 100.0 |       0 |       3 | 100.0
            +---------+---------+-------+---------+---------+-------
          D |       0 |      46 | 100.0 |       0 |       3 | 100.0
            +---------+---------+-------+---------+---------+-------
